 Dungeon Crawl Stone Soup version 0.25-a0-290-g4a1327ee3a (webtiles) character file.

Game seed: 6063918586595607837, levelgen mode: classic

46 Borgoz the Cutter (level 3, 24/24 HPs)
             Began as a Kobold Monk on Dec 14, 2019.
             Quit the game on level 2 of the Dungeon.
             The game lasted 00:01:03 (1226 turns).

Borgoz the Cutter (Kobold Monk)                     Turns: 1226, Time: 00:01:04

Health: 24/24      AC:  2    Str: 14    XL:     3   Next: 92%
Magic:  3/3        EV: 17    Int: 11    God:
Gold:   73         SH:  0    Dex: 17    Spells: 2/2 levels left

rFire    . . .     SeeInvis .   a - +0 short sword
rCold    . . .     Gourm    .   (shield restricted)
rNeg     . . .     Faith    .   b - +0 robe
rPois    .         Spirit   .   (no helmet)
rElec    .         Reflect  .   (no cloak)
rCorr    .         Harm     .   (no gloves)
MR       .....                  (no boots)
Stlth    ++........             (no amulet)
HPRegen  0.08/turn              g - +5 ring of strength
MPRegen  0.08/turn              (no ring)

@: no status effects
A: small, carnivore
a: no special abilities


You were on level 2 of the Dungeon.
You were very full.

You visited 1 branch of the dungeon, and saw 2 of its levels.

You collected 73 gold pieces.

Inventory:

Hand Weapons
 a - a +0 short sword (weapon)
Armour
 b - a +0 robe (worn)
Jewellery
 g - a +5 ring of strength (left hand)
Scrolls
 f - a scroll of immolation {unknown}
 i - a scroll of identify {unknown}
Potions
 d - 2 potions of curing {unknown}
 e - a potion of lignification {unknown}
 h - 2 potions of brilliance {unknown}
Comestibles
 c - 3 rations
 j - a chunk of flesh


   Skills:
 + Level 3.7 Fighting
 + Level 4.5 Short Blades
 + Level 0.9 Armour
 + Level 4.1 Dodging
 + Level 3.0 Stealth
 + Level 0.4 Spellcasting


You had 2 spell levels left.
You didn't know any spells.
Your spell library was empty.

Dungeon Overview and Level Annotations

Branches:
Dungeon (2/15)

Altars:
Fedhas
Gozag


Innate Abilities, Weirdness & Mutations

You are small and have problems with some larger weapons.
You are carnivorous and can eat meat at any time.


Message History

You barely miss the giant cockroach. The giant cockroach closely misses you.
You hit the giant cockroach.
The giant cockroach is almost dead.
The giant cockroach barely misses you.
You completely miss the giant cockroach.
The giant cockroach is almost dead.
The giant cockroach barely misses you.
You hit the giant cockroach but do no damage.
The giant cockroach is almost dead.
The giant cockroach misses you.
You closely miss the giant cockroach.
The giant cockroach is almost dead.
The giant cockroach bites you.
You hit the giant cockroach.
You kill the giant cockroach!
You see here a ball python corpse.
You butcher the ball python corpse.
j - a chunk of flesh You see here a ball python skeleton.
Are you sure you want to abandon this character and quit the game? (Confirm with "yes".)

#.# ###..#
#..≈.≈≈## #.#
#....#
##.≈≈..# #.#
#.#.##
##.##.#
#.###.#.###
#. #.#
#.........# #
...
#####.#...###
... #.......#
... #.......#
#...@...#
##..........
#.....###.#
#.....# #
#######


There were no monsters in sight!

Vanquished Creatures
  3 adders (D:2)
  An ooze (D:1)
  2 bats
  A giant cockroach (D:2)
  2 goblins (D:1)
  2 jackals (D:2)
  A quokka (D:2)
  A ball python (D:2)
  2 kobolds
  A rat (D:2)
16 creatures vanquished.

Notes
Turn   | Place    | Note
-------+----------+-------------------------------------------
     0 | D:1      | Borgoz the Kobold Monk began the quest for the Orb.
     0 | D:1      | Reached XP level 1. HP: 14/14 MP: 1/1
   527 | D:1      | Reached XP level 2. HP: 14/19 MP: 2/2
   842 | D:2      | Found a blossoming altar of Fedhas.
   874 | D:2      | Reached XP level 3. HP: 19/23 MP: 3/3
  1148 | D:2      | Found an opulent altar of Gozag.
  1226 | D:2      | Quit the game

Levels and vault maps discovered:
D:1:      minmay_arrival_split_and_join, layout_loops_ring
D:2:      layout_loops_corners, nicolae_gozag_seed_capital,
          lemuel_crystal_altar, first_ration, fedhas_altar_2

Skill      XL: |  1  2  3 |
---------------+----------+-----
Dodging        | 4 |  4.1
Stealth        | 3 |  3.0
Fighting       | |  3.7
Short Blades   | |  4.5
Armour         | |  0.9
Spellcasting   | |  0.4

Action                   || total
-------------------------++-------
Melee: Short sword       ||    70
 Stab: Sleeping          ||     2
  Eat: Chunk             ||     7
Armor: Robe              ||     9
Dodge: Dodged            ||    59

Table legend:
 A = Non-vault XP
 B = Vault XP
 C = Vault XP percentage of total XP
 D = Non-vault monster count
 E = Vault monster count
 F = Vault count percentage of total count
                 A         B        C        D         E       F
            +---------+---------+-------+---------+---------+-------
      Total |      66 |       0 |   0.0 |      16 |       0 |   0.0
            +---------+---------+-------+---------+---------+-------
        D:1 |      14 |       0 |   0.0 |       5 |       0 |   0.0
        D:2 |      52 |       0 |   0.0 |      11 |       0 |   0.0
            +---------+---------+-------+---------+---------+-------
